 Dungeon Crawl Stone Soup version 0.29-a0-542-g075992c915 (webtiles) character file.

Game seed: 15086178661294176655

2596 croobank the Insei (level 9, 0/54 HPs)
             Began as an Octopode Transmuter on June 4, 2022.
             Was a Believer of Hepliaklqana.
             Slain by a vampire
             ... wielding a +3 vampiric glaive
              (25 damage)
             ... in a bailey.
             The game lasted 00:28:00 (7376 turns).

croobank the Insei (Octopode Transmuter)            Turns: 7376, Time: 00:28:00

Health: 0/54       AC:  1    Str: 15    XL:     9   Next: 59%
Magic:  2/15       EV: 23    Int: 20    God:    Hepliaklqana [**....]
Gold:   378        SH:  0    Dex: 15    Spells: 2/16 levels left

rFire   + . .      SeeInvis .   o - +0 short sword (venom)
rCold   x . .      Faith    .   (no shield)
rNeg    + . .      Spirit   .   (helmet currently unavailable)
rPois   .          Reflect  .   q - amulet of the acrobat
rElec   .          Harm     .   b - +4 ring of evasion
rCorr   .          Rampage  .   z - +4 ring of evasion
Will    .....                   F - ring of Hard Scrabble {Fire rN+ Dex+3}
Stlth   ++++......              A - +6 ring of strength
HPRegen 0.18/turn               (no ring)
MPRegen 0.14/turn               (no ring)
                                (no ring)
                                (no ring)

@: appendages, wereblooded, very slightly contaminated, hasted, very quick
A: tentacle spike 3, reduced essence, almost no armour, amphibious, 8 rings,
camouflage 1, gelatinous body 1, (nimble swimmer 1), tentacles, passive freeze,
MP-powered wands
a: End Transformation, Renounce Religion, Recall Ancestor, Ancestor Identity


You were in a bailey.
You worshipped Hepliaklqana.
Hepliaklqana was pleased with you.
One of your tentacles had grown a beastly spike.
You visited 2 branches of the dungeon, and saw 8 of its levels.
You also visited: Bailey.

You collected 378 gold pieces.

Inventory:

Hand Weapons
 d - a +1 hand axe
 g - a +0 dagger
 l - a +0 flail
 o - a +0 short sword of venom (weapon)
 v - a +3 dagger of distortion
 y - a +0 trident
 C - a +0 arbalest
 G - a +2 whip of draining
 I - a +3 quarterstaff of chaos
 K - a +0 halberd
 L - a +3 great mace of holy wrath
Missiles
 h - 224 stones
Magical Staves
 H - a staff of earth
Jewellery
 b - a +4 ring of evasion (left tentacle)
 q - an amulet of the acrobat (around mantle)
 z - a +4 ring of evasion (right tentacle)
 A - a +6 ring of strength (on tentacle)
 F - the ring of Hard Scrabble (on tentacle) {Fire rN+ Dex+3}
   (You found it on level 6 of the Dungeon)

   [ring of fire]

   It enhances your fire magic.
   Dex:       It affects your dexterity (+3).
   rF:        It protects you from fire.
   rC:        It makes you vulnerable to cold.
   rN:        It protects you from negative energy.
Wands
 t - a wand of digging (6)
 w - a wand of paralysis (7)
Scrolls
 e - 2 scrolls of magic mapping
 k - 3 scrolls of teleportation
 n - a scroll of fog {unknown}
 r - 8 scrolls of identify
 x - a scroll of blinking
 B - a scroll of amnesia
 D - 2 scrolls of summoning {unknown}
 J - a scroll of immolation {unknown}
Potions
 a - 2 potions of lignification
 c - 3 potions of brilliance
 f - 2 potions of haste
 i - a potion of curing
 j - 2 potions of heal wounds
 m - a potion of resistance {unknown}
 p - 2 potions of cancellation {unknown}
 s - a potion of degeneration {unknown}
 u - 4 potions of might
 E - 3 potions of attraction {unknown}


   Skills:
 + Level 5.0 Fighting
 + Level 4.6 Short Blades
 - Level 4.5 Dodging
 + Level 4.1 Stealth
 - Level 5.0 Unarmed Combat
 - Level 4.1 Spellcasting
 + Level 1.7 Conjurations
 - Level 2.9 Hexes
 - Level 4.4 Transmutations
 + Level 1.8 Air Magic
 + Level 2.3 Poison Magic
 + Level 3.1 Invocations


You had 2 spell levels left.
You knew the following spells:

 Your Spells              Type           Power      Damage    Failure   Level
a - Beastly Appendage     Tmut           44%        N/A       1%          1
b - Wereblood             Tmut           22%        N/A       3%          2
c - Spider Form           Tmut/Pois      17%        N/A       10%         3
d - Poisonous Vapours     Pois/Air       24%        N/A       8%          2
e - Tukima's Dance        Hex            15%        N/A       12%         3
f - Mephitic Cloud        Conj/Pois/Air  12%        N/A       17%         3

Your spell library contained the following spells:

 Spells                   Type           Power      Damage    Failure   Level
 Magic Dart               Conj           44%        1d5       6%          1
 Apportation              Tloc           8%         N/A       13%         1
 Call Imp                 Summ           4%         N/A       19%         2
 Portal Projectile        Hex/Tloc       18%        N/A       22%         3
 Ice Form                 Ice/Tmut       13%        N/A       45%         4
 Blade Hands              Tmut           11%        N/A       50%         5
 Corpse Rot               Necr/Pois/Air  9%         N/A       56%         4
 Alistair's Intoxication  Tmut/Pois      11%        N/A       65%         5


Dungeon Overview and Level Annotations

Branches:
Dungeon (7/15)             Temple (1/1) D:4          Bailey (1/1)

Altars:
Ashenzari
Cheibriados
Elyvilon
Fedhas
Gozag
Hepliaklqana
Kikubaaqudgha
Okawaru
Qazlal
Sif Muna
Trog
Vehumet
Wu Jian
Xom
Yredelemnul
Zin
The Shining One


Innate Abilities, Weirdness & Mutations

One of your tentacles has grown a beastly spike.
Your life essence is reduced to manifest your ancestor. (-10% HP)
You cannot wear most types of armour.
You are amphibious.
You can wear up to eight rings at the same time.
Your skin changes colour to match your surroundings (Stealth+).
Your rubbery body absorbs attacks. (AC +1, EV +1)
((You are camouflaged when in or above water. (Stealth+)))
You have tentacles for arms and can constrict up to eight enemies at once.
A frigid envelope surrounds you and freezes all who hurt you.
You expend magic power (3 MP) to strengthen your wands.


Message History

Your blood is infused with primal strength.
The vampire hits Shatu-murrim with a +3 vampiric glaive!!
The vampire misses Shatu-murrim.
Shatu-murrim hits the vampire but does no damage.
Found a potion of heal wounds.
The vampire barely misses Shatu-murrim.
The vampire bites Shatu-murrim!
Shatu-murrim is destroyed!
There is a large open door here.
The vampire gestures at you while chanting.
You are confused.
You are too confused!
You are too confused!
You feel better.
The vampire hits you from afar with a +3 vampiric glaive!
Your tentacle spike disappears.
The vampire hits you with a +3 vampiric glaive!
The vampire resists.
The vampire is very cold.
The vampire is lightly damaged.
The vampire completely misses you.
You are too injured to fight recklessly!
You feel much better. The vampire completely misses you.
The vampire closely misses you.
You feel yourself speed up.
The vampire casts a spell.
The vampire flickers and vanishes!
Deactivating autopickup; reactivate with Ctrl-A.
No target in view!
No target in view!
You miss something. You miss something. Your squeeze misses something.
Something misses you. Something bites you but does no damage.
You closely miss something. You squeeze something.
Casting: Wereblood (safe; 3% risk of failure)
Confirm with . or Enter, or press ? or * to list all spells.
One of your tentacles grows a vicious spike.
Something hits you!! Something misses you.
You miss something.
Your tentacle spike misses something.
You barely miss something.
Your tentacle spike misses something.
Something hits you!!
You die...

##### #...# #####
####÷..# ######....#
#..')÷.#####8.##.....!
#))#####..8#..#..{#
#'##.......#..'.@#
......♣....#..'..#
...........#..#...#
.....♣.....#..##.....
.....♣.♣...#...##...8#
.♣.♣......##)...######
..♣♣.....##.).)..8#
.♣.♣....##...##...#
........)#....##..#


There were no monsters in sight!

Vanquished Creatures
  A gargoyle (Bailey)
  Prince Ribbit (D:6)
  A wyvern (D:5)
  2 black bears (D:5)
  An ogre (D:4)
  4 phantoms
  A necrophage (D:7)
  4 scorpions
  A jelly (D:5)
  3 wolf zombies (Bailey)
  2 orc priests
  5 hounds
  Crazy Yiuf (D:6)
  Jessica (D:3)
  An orc wizard (D:4)
  3 iguanas
  10 adders
  11 orc zombies (Bailey)
  A shadow imp (D:6)
  A white imp (D:6)
  3 ufetubi
  3 worms
  2 dart slugs
  17 orcs
  7 ball pythons
  5 endoplasms
  A giant cockroach (D:1)
  14 goblins
  6 hobgoblins
  4 jackals (D:4)
  8 kobolds
  2 quokkas (D:2)
  3 bats
  4 frilled lizards
  8 rats
142 creatures vanquished.

Vanquished Creatures (collateral kills)
  Maggie (D:6)
  2 orc zombies (Bailey)
  A white imp (D:6)
  3 orcs (D:6)
  A goblin (D:7)
8 creatures vanquished.

Vanquished Creatures (others)
  A battlemage (Bailey)
1 creature vanquished.

Grand Total: 151 creatures vanquished

Notes
Turn   | Place    | Note
-------+----------+-------------------------------------------
     0 | D:1      | croobank the Octopode Transmuter began the quest for the
                  | Orb.
     0 | D:1      | Reached XP level 1. HP: 13/13 MP: 3/3
   468 | D:1      | Reached XP level 2. HP: 18/18 MP: 5/5
  1041 | D:1      | Reached XP level 3. HP: 23/23 MP: 4/6
  1603 | D:2      | Gained mutation: A frigid envelope surrounds you and
                  | freezes all who hurt you. [potion of mutation]
  1603 | D:2      | Gained mutation: You expend magic power (3 MP) to
                  | strengthen your wands. [potion of mutation]
  1699 | D:2      | Found a glowing silver altar of Zin.
  1861 | D:2      | Reached XP level 4. HP: 24/29 MP: 5/7
  2180 | D:2      | Learned a level 2 spell: Wereblood
  2924 | D:3      | You fall into a shaft and drop 2 floors!
  2924 | D:5      | Entered Level 5 of the Dungeon
  2955 | D:5      | Reached XP level 5. HP: 23/34 MP: 4/8
  3077 | D:4      | Reached skill level 1 in Short Blades
  3182 | D:3      | Noticed Jessica
  3192 | D:3      | Killed Jessica
  3418 | D:4      | Reached XP level 6. HP: 24/41 MP: 7/10
  3418 | D:4      | Paralysed by a hobgoblin for 2 turns
  3558 | D:4      | Found a staircase to the Ecumenical Temple.
  3586 | Temple   | Entered the Ecumenical Temple
  3888 | Temple   | Became a worshipper of Hepliaklqana the Forgotten
  4609 | D:5      | Learned a level 3 spell: Spider Form
  4621 | D:5      | Reached XP level 7. HP: 11/46 MP: 5/11
  5201 | D:5      | Reached XP level 8. HP: 43/53 MP: 9/13
  5466 | D:5      | Noticed a wyvern
  5518 | D:5      | Reached * piety under Hepliaklqana
  5679 | D:5      | Killed a wyvern
  5680 | D:5      | Reached skill level 5 in Unarmed Combat
  5876 | D:5      | Reached skill level 1 in Stealth
  5945 | D:6      | Reached skill level 1 in Hexes
  5953 | D:6      | Learned a level 2 spell: Poisonous Vapours
  6060 | D:6      | Reached skill level 1 in Invocations
  6143 | D:6      | Identified the ring of Hard Scrabble {Fire rN+ Dex+3}
  6408 | D:6      | Noticed Prince Ribbit
  6442 | D:6      | Killed Prince Ribbit
  6443 | D:6      | Reached XP level 9. HP: 53/53 MP: 13/15
  6468 | D:6      | Learned a level 3 spell: Tukima's Dance
  6472 | D:6      | Learned a level 3 spell: Mephitic Cloud
  6540 | D:6      | Noticed Maggie
  6554 | D:6      | Killed Maggie
  6555 | D:6      | Reached skill level 1 in Poison Magic
  6648 | D:6      | Found a runed translucent door.
  6649 | D:6      | Noticed Crazy Yiuf
  6726 | D:6      | Reached skill level 1 in Air Magic
  6743 | D:6      | Found a blossoming altar of Fedhas.
  6750 | D:6      | Found an opulent altar of Gozag.
  6754 | D:6      | Found a glowing silver altar of Zin.
  6889 | D:6      | Killed Crazy Yiuf
  7057 | D:7      | Reached skill level 1 in Conjurations
  7069 | D:7      | Reached ** piety under Hepliaklqana
  7070 | D:7      | Found a flagged portal.
  7071 | D:7      | Remembered your ancestor Shatu-murrim as a battlemage
  7080 | Bailey   | Entered a bailey
  7334 | Bailey   | Noticed a gargoyle
  7343 | Bailey   | Killed a gargoyle
  7344 | Bailey   | Reached skill level 5 in Fighting
  7376 | Bailey   | Slain by a vampire

Illustrated notes

Levels and vault maps discovered:
D:1:      dpeg_arrival_arbitrary_c, layout_basic, hangedman_feature_mirror
D:2:      layout_basic, basic_altar
D:3:      layout_rooms, uniq_jessica
D:4:      layout_basic, minmay_temple_entry_water_ring, hangedman_decor_push,
          minmay_fractal_squares_5
D:5:      layout_gridville
D:6:      layout_loops_ring, grunt_temple_overflow_diamond,
          uniq_crazy_yiuf_cottage, uniq_maggie, uniq_prince_ribbit1
D:7:      layout_loops_cross, gup_ossuary_entry_pyramid, enter_bailey_3
Temple:   dpeg_chambers_temple
Bailey:   bailey_polearm_vampire_castle_hellmonk, bailey

Skill      XL: |  1  2  3  4  5  6  7  8  9 |
---------------+----------------------------+-----
Fighting       | 2 3 4 5 |  5.0
Short Blades   | 1 2 3 4 |  4.6
Transmutations | 3 4 |  4.4
Dodging        | 3 4 |  4.5
Unarmed Combat | 4 5 |  5.0
Spellcasting   | 3 4 |  4.1
Stealth        | 2 4 |  4.1
Hexes          | 2 |  2.9
Invocations    | 2 3 |  3.1
Poison Magic   | 2 |  2.3
Air Magic      | 1 |  1.8
Conjurations   | 1 |  1.7

Action                   |  1- 3 |  4- 6 |  7- 9 || total
-------------------------+-------+-------+-------++-------
Melee: Unarmed           |    78 |     8 |       ||    86
       Constrict         |    23 |    24 |    34 ||    81
       Tentacles         |    13 |    13 |    47 ||    73
       Kick              |    12 |    28 |    57 ||    97
       Dagger            |     1 |    13 |       ||    14
       Punch             |     1 |     3 |     5 ||     9
       Short sword       |       |    68 |   151 ||   219
 Cast: Beastly Appendage |    18 |    22 |    28 ||    68
       Wereblood         |       |     8 |    14 ||    22
       Spider Form       |       |     1 |       ||     1
       Poisonous Vapours |       |       |     3 ||     3
       Tukima's Dance    |       |       |     4 ||     4
Invok: Ancestor Life: Ba |       |       |     1 ||     1
Evoke: Wand              |       |     1 |     5 ||     6
  Use: Scroll            |    10 |     2 |     1 ||    13
       Potion            |     1 |       |     4 ||     5
 Stab: Sleeping          |     9 |     4 |     5 ||    18
       Paralysed         |       |       |    10 ||    10
       Distracted        |       |       |     4 ||     4
Armor: Skin              |     6 |     1 |     7 ||    14
Dodge: Dodged            |    62 |    83 |   151 ||   296

Table legend: (Time is in decaauts)
 A = Elapsed time spent in this place.
 B = Non-inter-level travel time spent in this place.
 C = Inter-level travel time spent in this place.
 D = Time resting spent in this place.
 E = Time spent auto-exploring this place.
 F = Levels seen in this place.
 G = Mean time per level.
                   A        B        C        D        E       F      G
               +--------+--------+--------+--------+--------+-----+--------+
         Total |   7358 |   7174 |    184 |   1024 |   5027 |   9 |  817.6 |
       Dungeon |   6740 |   6583 |    157 |   1024 |   4563 |   7 |  962.9 |
        Temple |    329 |    302 |     27 |      0 |    278 |   1 |  329.0 |
        Bailey |    288 |    288 |      0 |      0 |    186 |   1 |  288.0 |
               +--------+--------+--------+--------+--------+-----+--------+

Top non-repeatable levels by time:
     D:5: 1478 daAuts
     D:1: 1344 daAuts
     D:6: 1100 daAuts
     D:2: 1007 daAuts
     D:4: 918 daAuts
     D:3: 845 daAuts
  Temple: 329 daAuts
  Bailey: 288 daAuts
     D:7: 46 daAuts
